 Dungeon Crawl Stone Soup version 0.19-a0-1553-g64c24c3 (webtiles) character file.

105 FrankyJ the Bolt Thrower (level 4, -1/36 HPs)
             Began as a Centaur Arcane Marksman on Sept 14, 2016.
             Was an Initiate of Makhleb.
             Slain by Grinder (8 damage)
             ... on level 3 of the Dungeon on Sept 15, 2016.
             The game lasted 00:08:58 (2690 turns).

FrankyJ the Bolt Thrower (Centaur Arcane Marksman)  Turns: 2690, Time: 00:08:59

Health: -1/36      AC:  4    Str: 15    XL:     4   Next: 53%
Magic:  6/6        EV: 10    Int: 12    God:    Makhleb [......]
Gold:   89         SH:  0    Dex:  8    Spells: 2 memorised, 3 levels left

rFire  . . .     SeeInvis .     q - +0 mace
rCold  . . .     Gourm    .     e - +0 robe
rNeg   . . .     Faith    .     (no shield)
rPois  .         Spirit   .     (no helmet)
rElec  .         Dismiss  .     (no cloak)
rCorr  .         Reflect  .     (no gloves)
MR     .....     Harm     .     (no barding)
Stlth  +.........               (no amulet)
                                (no ring)
                                (no ring)

@: very quick
A: hooves 3, deformed body, speed 2, tough skin 3
a: Renounce Religion


You were on level 3 of the Dungeon.
You worshipped Makhleb.
Makhleb was noncommittal.
You were not hungry.

You visited 1 branch of the dungeon, and saw 3 of its levels.

You collected 89 gold pieces.

Inventory:

Hand Weapons
 a - a +0 hand crossbow
 q - a +0 mace (weapon)
Missiles
 d - a bolt
 l - 3 needles of confusion
 s - 2 javelins (quivered)
Armour
 e - a +0 robe (worn)
Jewellery
 p - an uncursed ring of fire {unknown}
Scrolls
 g - a scroll of teleportation {unknown}
 i - a scroll of enchant armour {unknown}
 j - a scroll of recharging {unknown}
 o - a scroll of immolation {unknown}
 r - a scroll of random uselessness {unknown}
Potions
 b - a potion of haste {unknown}
 k - a potion of ambrosia {unknown}
 t - a potion of degeneration {unknown}
 v - a potion of heal wounds {unknown}
 w - a potion of might
Books
 c - a book of Debilitation

   Spells                             Type                      Level
   a - Corona                         Hexes                        1
   b - Slow                           Hexes                        2
   c - Gell's Gravitas                Hexes/Translocation          3
   d - Inner Flame                    Hexes/Fire                   3
   e - Cause Fear                     Hexes                        4
   f - Leda's Liquefaction            Hexes/Earth                  4
Comestibles
 f - 2 bread rations
 h - a chunk of flesh
 m - a royal jelly
 n - a beef jerky
 u - a meat ration


   Skills:
 + Level 1.9 Fighting
 * Level 3.5 Crossbows
 + Level 1.7 Dodging
 + Level 1.5 Spellcasting
 - Level 3.0 Hexes
 * Level 1.0 Invocations


You had 3 spell levels left.
You knew the following spells:

 Your Spells              Type           Power        Failure   Level  Hunger
a - Corona                Hex            #......      12%         1    ##.....
b - Slow                  Hex            #.......     14%         2    ###....


Dungeon Overview and Level Annotations

Branches:
Dungeon (3/15)

Altars:
Makhleb
Uskayaw
The Shining One

Annotations:
D:3 Grinder


Innate Abilities, Weirdness & Mutations

You have hooves in place of feet.
Armour fits poorly on your strangely shaped body.
You cover ground very quickly.
You have extremely tough skin. (AC +3)


Message History

There is a stone staircase leading down here.
You climb downwards.
Level annotation: Grinder Grinder blinks!
There is a stone staircase leading up, spattered with blood here.
You see here a club.
You hit Grinder but do no damage. Grinder hits you.
You writhe in agony.
Grinder closely misses you.
You closely miss Grinder. Your kick misses Grinder. Grinder gestures at you.
Pain shoots through your body!
You hit Grinder. Your kick misses Grinder.
Grinder is lightly wounded.
Grinder closely misses you.
You hit Grinder. You kick Grinder, but do no damage.
Grinder is lightly wounded.
Grinder hits you!
You writhe in agony.
* * * LOW HITPOINT WARNING * * *
Grinder hits you!
You die...

..# #.#####. ..
.)...#.. . #.##.#<#.#
#.##.#.#.# #.##.#...#
#.##....###..
###########..#.........
#.....<)...@5(..(..#
....##########.....###
# #......# #..#.#.#
...##.#.%. ....##..##..
.#!..###.% ... #.###
### ##


You could see Grinder.

Vanquished Creatures
  3 adders (D:2)
  An ooze (D:1)
  2 worms
  3 dart slugs
  A giant gecko (D:1)
  11 bats
  3 giant cockroaches (D:2)
  8 goblins
  5 hobgoblins
  7 jackals
  3 frilled lizards
  2 kobolds (D:1)
  9 rats
58 creatures vanquished.

Notes
Turn   | Place    | Note
-------+----------+-------------------------------------------
     0 | D:1      | FrankyJ the Centaur Arcane Marksman began the quest for the Orb.
     0 | D:1      | Reached XP level 1. HP: 16/16 MP: 2/2
   167 | D:1      | Reached XP level 2. HP: 14/23 MP: 3/3
   669 | D:1      | Reached XP level 3. HP: 28/28 MP: 4/4
  1235 | D:2      | Found a burning altar of Makhleb.
  1262 | D:2      | Became a worshipper of Makhleb the Destroyer
  1376 | D:2      | Found a glowing golden altar of the Shining One.
  1835 | D:2      | Reached XP level 4. HP: 27/36 MP: 2/6
  1968 | D:2      | Found a hide-covered altar of Uskayaw.
  1971 | D:2      | Noticed a hand axe
  1972 | D:2      | Noticed a hand axe
  1989 | D:2      | Found a faded altar of an unknown god.
  2173 | D:2      | Reached skill level 1 in Invocations
  2188 | D:2      | Learned a level 2 spell: Slow
  2540 | D:3      | Noticed Grinder
  2541 | D:3      | Paralysed by Grinder for 2 turns
  2561 | D:3      | Paralysed by Grinder for 4 turns
  2690 | D:3      | Slain by Grinder

Vault maps used:
D:1:      dpeg_chamrin_arrival_tetris
D:2:      lemuel_crystal_altar, nicolae_tso_carved_into_rock,
          dancing_weapons_uskayaw, first_bread, serial_forest,
          infiniplex_forest_lined_2, infiniplex_forest_end_2,
          infiniplex_forest_clump_medium, infiniplex_forest_clump_double,
          infiniplex_forest_clump_medium, infiniplex_forest_clump_medium,
          infiniplex_forest_clump_diagonal, infiniplex_forest_clump_double,
          infiniplex_forest_3_way, ecumenical_altar_2, hangedman_decor_points
D:3:      uniq_grinder

Skill      XL: |  1  2  3  4 |
---------------+-------------+-----
Crossbows      | 3 |  3.5
Hexes          | 3 |  3.0
Invocations    | 1 |  1.0
Fighting       | |  1.9
Dodging        | |  1.7
Spellcasting   | |  1.5

Action                   |  1- 3 |  4- 6 || total
-------------------------+-------+-------++-------
Melee: Dagger            |    49 |       ||    49
       Unarmed           |     2 |       ||     2
       Mace              |    37 |    14 ||    51
       Kick              |    15 |     3 ||    18
 Fire: Hand crossbow     |    72 |    35 ||   107
Throw: Javelin           |     2 |     2 ||     4
 Cast: Corona            |    10 |    10 ||    20
       Slow              |       |     4 ||     4
  Eat: Chunk             |     2 |     3 ||     5
Armor: Robe              |    52 |    10 ||    62
Dodge: Dodged            |    62 |    14 ||    76
